 Dungeon Crawl Stone Soup version 0.30-b1-2-g02819fbbbe (webtiles) character file.

Game seed: 6855280390174698090

637 Fartwhistle the Changer (level 7, -3/45 HPs)
             Began as an Octopode Transmuter on May 25, 2023.
             Slain by a troll (4 damage)
             ... on level 5 of the Dungeon.
             The game lasted 00:13:26 (4703 turns).

Fartwhistle the Changer (Octopode Transmuter)       Turns: 4703, Time: 00:13:27

Health: -3/45      AC:  2    Str:  9    XL:     7   Next: 50%
Magic:  8/13       EV: 19    Int: 18    God:
Gold:   245        SH:  0    Dex: 17    Spells: 5/14 levels left

rFire   . . .        x - melded staff of poison
rCold   . . .        (shield currently unavailable)
rNeg    . . .        (helmet currently unavailable)
rPois   x            (no amulet)
rElec   .            (no ring)
rCorr   .            (no ring)
SInv    .            (no ring)
Will    .....        (no ring)
Stlth   ++           (no ring)
HPRegen 0.27/turn    (no ring)
MPRegen 0.13/turn    (no ring)
                     (no ring)

%: no passive effects
@: spider-form
A: venomous fangs, almost no armour, (amphibious), 8 rings, tiny, (camouflage
1), (gelatinous body 1), (nimble swimmer 1), (tentacles)
a: End Transformation


You were on level 5 of the Dungeon.
You were a venomous arachnid creature.
You visited 1 branch of the dungeon, and saw 5 of its levels.

You collected 245 gold pieces.

Inventory:

Missiles
 b - 67 stones
Magical Staves
 x - a staff of poison (melded)
Jewellery
 u - a +6 ring of dexterity
Wands
 k - a wand of digging (1)
 q - a wand of polymorph (8)
 r - a wand of paralysis (7)
Scrolls
 a - a scroll of enchant weapon {unknown}
 f - a scroll of butterflies {unknown}
 g - a scroll of immolation {unknown}
 h - 4 scrolls of identify
 j - 2 scrolls of noise {unknown}
 m - a scroll of torment {unknown}
 p - 2 scrolls of magic mapping {unknown}
 s - a scroll of blinking {unknown}
 v - 2 scrolls of fog
 w - a scroll of teleportation {unknown}
Potions
 c - 2 potions of berserk rage {unknown}
 d - a potion of haste {unknown}
 e - 2 potions of mutation {unknown}
 i - a potion of curing {unknown}
 l - 2 potions of degeneration {unknown}
 n - 2 potions of heal wounds {unknown}
 o - 2 potions of brilliance {unknown}
 t - a potion of magic {unknown}
 z - a potion of might {unknown}


   Skills:
 + Level 2.8 Fighting
 - Level 2.0 Dodging
 + Level 4.3 Unarmed Combat
 + Level 4.0 Spellcasting
 + Level 5.0 Transmutations
 - Level 3.0 Poison Magic


You had 5 spell levels left.
You knew the following spells:

 Your Spells              Type           Power      Damage    Failure   Level
a - Beastly Appendage     Tmut           42%        N/A       8%          1
b - Spider Form           Tmut/Pois      18%        N/A       22%         3
c - Mephitic Cloud        Conj/Pois/Air  7%         N/A       50%         3
d - Blink                 Tloc           6%         N/A       43%         2

Your spell library contained the following spells:

 Spells                   Type           Power      Damage    Failure   Level
 Wereblood                Tmut           21%        N/A       10%         2
 Kiss of Death            Conj/Necr      12%        2d6       32%         1
 Magic Dart               Conj           12%        1d3       32%         1
 Call Imp                 Summ           6%         N/A       43%         2
 Lesser Beckoning         Tloc           6%         N/A       43%         2
 Momentum Strike          Conj/Tloc      6%         3d8       43%         2
 Confusing Touch          Hex            3%         N/A       63%         3
 Gell's Gravitas          Tloc           3%         N/A       63%         3
 Inner Flame              Hex/Fire       3%         N/A       63%         3
 Teleport Other           Tloc           3%         N/A       63%         3
 Ice Form                 Ice/Tmut       12%        N/A       67%         4
 Dispel Undead            Necr           3%         3d7       93%         4
 Yara's Violent Unravell  Hex/Tmut       6%         3d5       93%         5
 Dispersal                Tloc           1%         N/A       100%        6
 Enfeeble                 Hex            1%         N/A       100%        7


Dungeon Overview and Level Annotations

Branches:
Dungeon (5/15)
 Temple: D:4-7

Altars:
Qazlal

Shops:
D:3 =


Innate Abilities, Weirdness & Mutations

You are a venomous arachnid creature.
You have venomous fangs.
You are tiny and dextrous.
Your spellcasting is less reliable in this form.
Your armour is entirely melded.
You are incapable of wielding weapons or throwing items.
You cannot wear most types of armour.
((You are amphibious.))
You can wear up to eight rings at the same time.
((Your skin changes colour to match your surroundings (Stealth+).))
((Your rubbery body absorbs attacks. (AC +1, EV +1)))
((You are camouflaged when in or above water. (Stealth+)))
((You have tentacles for arms and can constrict up to eight enemies at once.))


Message History

Okay, then.
Casting: Spider Form (dangerous; 9% risk of failure)
Confirm with . or Enter, or press ? or * to list all spells.
The spell is quite dangerous to miscast (28% risk of failure)!
Continue anyway?
Aiming: Mephitic Cloud (quite dangerous; 28% risk of failure)
Press: ? - help, Shift-Dir - straight line You feel a surge of power!
The ball explodes into a vile cloud!
The stinking cloud engulfs the troll but does no damage.
The troll is engulfed in noxious fumes.
The troll appears confused.
There is a stone staircase leading down here.
Casting: Mephitic Cloud (quite dangerous; 28% risk of failure)
Confirm with . or Enter, or press ? or * to list all spells.
You feel a surge of power!
You turn into a venomous arachnid creature.
Your staff of poison melds into your body.
The troll seems less confused.
The troll misses you. The troll barely misses you. The troll claws you.
You hit the troll.
The troll is poisoned.
The troll is lightly wounded.
The troll bites you. The troll misses you. x2
You hit the troll.
The troll looks as sick as possible!
The troll is moderately wounded.
An orc comes into view. It is wielding a +0 club.
The troll bites you. The troll misses you. The troll barely misses you.
The troll attacks as you move away! The troll bites you!
The troll completely misses you. The troll barely misses you.
The troll attacks as you move away! The troll bites you. The troll claws you.
The troll misses you. The troll attacks as you move away! The troll bites you!
* * * LOW HITPOINT WARNING * * *
The troll closely misses you. The troll misses you.
Okay, then.
Okay, then.
As you read the scroll labelled PUEGOA VUZO, it crumbles to dust.
It is a scroll of identify.
v - 2 scrolls of fog The troll completely misses you.
The troll claws you.
* * * LOW HITPOINT WARNING * * *
The troll claws you.
You die...

......#####....#.#
......#####.#..#.#
..>...'......>.#.#
......###........#
......# #........#
####### #.)......#
..###.#..#.#
........#..#T#
........#..#s#
........#..#.#
....###....#.#
.... ###.##.# ...
#.##.# .. #.##.#
#.##)# ...###.##)#
.........†.#


You could see a troll (very poisoned).

Vanquished Creatures
  A water moccasin (D:5)
  A scorpion (D:4)
  A howler monkey (D:5)
  A jelly (D:4)
  Crazy Yiuf (D:3)
  A hound (D:5)
  2 iguanas (D:4)
  Ijyb (D:2)
  Jessica (D:3)
  An orc wizard (D:5)
  Robin (D:3)
  A gnoll (D:4)
  6 adders
  2 worms (D:2)
  2 dart slugs
  12 orcs
  6 endoplasms
  7 giant cockroaches
  20 goblins
  11 hobgoblins
  7 jackals
  5 quokkas
  8 ball pythons
  8 bats
  5 frilled lizards
  7 kobolds
  6 rats
125 creatures vanquished.

Vanquished Creatures (others)
  A fungus (D:3)
1 creature vanquished.

Grand Total: 126 creatures vanquished

Notes
Turn   | Place    | Note
-------+----------+-------------------------------------------
     0 | D:1      | Fartwhistle the Octopode Transmuter began the quest for the
                  | Orb.
     0 | D:1      | Reached XP level 1. HP: 13/13 MP: 3/3
   269 | D:1      | Reached XP level 2. HP: 11/18 MP: 5/5
   703 | D:1      | Reached skill level 3 in Transmutations
   705 | D:1      | Reached XP level 3. HP: 17/23 MP: 4/6
   709 | D:1      | Learned a level 3 spell: Spider Form
  1235 | D:2      | Reached skill level 1 in Poison Magic
  1235 | D:2      | Reached XP level 4. HP: 27/28 MP: 7/7
  1400 | D:2      | Found a faded altar of an unknown god.
  1491 | D:2      | Noticed Ijyb
  1512 | D:2      | Killed Ijyb
  1603 | D:2      | Reached skill level 4 in Transmutations
  1603 | D:2      | Reached XP level 5. HP: 4/33 MP: 5/9
  1985 | D:2      | Learned a level 3 spell: Mephitic Cloud
  2203 | D:3      | Noticed Jessica
  2206 | D:3      | Killed Jessica
  2348 | D:3      | Found Efonudd's Jewellery Shoppe.
  2576 | D:3      | Noticed Robin
  2607 | D:3      | Killed Robin
  2723 | D:3      | Reached XP level 6. HP: 38/38 MP: 10/10
  2977 | D:3      | Found a runed translucent door.
  2978 | D:3      | Noticed Crazy Yiuf
  2998 | D:3      | Killed Crazy Yiuf
  3790 | D:4      | Found a stormy altar of Qazlal.
  4131 | D:5      | Entered Level 5 of the Dungeon
  4151 | D:4      | Reached XP level 7. HP: 21/45 MP: 8/12
  4556 | D:5      | Learned a level 2 spell: Blink
  4658 | D:5      | Reached skill level 5 in Transmutations
  4665 | D:5      | Noticed a troll
  4703 | D:5      | HP: 1/45 [troll (2)]
  4703 | D:5      | Slain by a troll

Illustrated notes

Levels and vault maps discovered:
D:1:      dpeg_arrival_signposts, layout_loops_ring, minmay_cut_off
D:2:      kennysheep_the_goblin_king, layout_rooms, basic_ecumenical_altar
D:3:      layout_basic, serial_shops, nicolae_shop_stone, nicolae_goblin_pals,
          uniq_jessica, uniq_crazy_yiuf_cottage
D:4:      layout_loops_cross, nicolae_qazlal_eye_of_the_storm
D:5:      layout_basic, minmay_temple_entry_crystal_x

Skill      XL: |  1  2  3  4  5  6  7 |
---------------+----------------------+-----
Transmutations | 3 4 5 |  5.0
Poison Magic   | 1 2 3 |  3.0
Spellcasting   | 3 4 |  4.0
Fighting       | 2 |  2.8
Unarmed Combat | 4 |  4.3
Dodging        | |  2.0

Action                     |  1- 3 |  4- 6 |  7- 9 || total
---------------------------+-------+-------+-------++-------
  Melee: Unarmed           |    78 |   220 |    31 ||   329
         Constrict         |    21 |    35 |     2 ||    58
         Kick              |    11 |    22 |       ||    33
         Tentacles         |     9 |    35 |     1 ||    45
         Punch             |     2 |     5 |       ||     7
         Staff             |       |       |     4 ||     4
  Throw: Stone             |       |     3 |       ||     3
   Cast: Beastly Appendage |    10 |     9 |       ||    19
         Spider Form       |       |    12 |     5 ||    17
         Mephitic Cloud    |       |     1 |     1 ||     2
    Use: Potion            |       |     1 |       ||     1
         Scroll            |       |       |     1 ||     1
   Stab: Sleeping          |     5 |     6 |       ||    11
 Armour: Skin              |     5 |    16 |     4 ||    25
  Dodge: Dodged            |    54 |   136 |    30 ||   220
